 Dungeon Crawl Stone Soup version 0.25-a0-934-g041635d5d1 (console) character file.

Game seed: 358516046481014703, levelgen mode: classic

591 Duffy the Chopper (level 7, 0/62 HPs)
             Began as a Naga Fighter on May 4, 2020.
             Slain by monokles's ghost (11 damage)
             ... on level 5 of the Dungeon.
             The game lasted 00:04:12 (4155 turns).

Duffy the Chopper (Naga Fighter)                    Turns: 4155, Time: 00:04:13

Health: 0/62       AC: 10    Str: 18    XL:     7   Next: 39%
Magic:  7/7        EV:  2    Int: 11    God:
Gold:   148        SH:  9    Dex: 10    Spells: 6/6 levels left

rFire    . . .     SeeInvis +   a - +0 war axe
rCold    . . .     Gourm    +   c - +0 kite shield
rNeg     . . .     Faith    .   g - +2 plate armour {rPois}
rPois    +         Spirit   .   (no helmet)
rElec    .         Reflect  .   (no cloak)
rCorr    .         Harm     .   (no gloves)
MR       .....                  (no barding)
Stlth    ..........             u - amulet of the gourmand
HPRegen  0.20/turn              (no ring)
MPRegen  0.10/turn              (no ring)

@: very slow
A: large, see invisible, deformed body, poison resistance, slowness 2, slow
metabolism 1, spit poison 1, AC +2
a: Spit Poison


You were on level 5 of the Dungeon.
You were not hungry.

You visited 1 branch of the dungeon, and saw 5 of its levels.

You collected 148 gold pieces.

Inventory:

Hand Weapons
 a - a +0 war axe (weapon)
Armour
 c - a +0 kite shield (worn)
 g - a +2 plate armour of poison resistance (worn)
Jewellery
 u - an amulet of the gourmand (around neck)
Wands
 b - a wand of enslavement (9)
Scrolls
 d - a scroll of enchant weapon {unknown}
 e - 2 scrolls of immolation
 i - 2 scrolls of magic mapping
 j - a scroll of fear
 k - 2 scrolls of fog
 l - a scroll of remove curse {unknown}
 m - 5 scrolls of teleportation {unknown}
 n - a scroll of amnesia {unknown}
 r - a scroll of enchant armour {unknown}
Potions
 o - a potion of resistance {unknown}
 p - a potion of curing
 q - a potion of magic {unknown}
 s - a potion of heal wounds {unknown}
 t - a potion of brilliance {unknown}
Comestibles
 f - 9 rations


   Skills:
 - Level 3.0 Fighting
 + Level 5.3 Axes
 - Level 3.4 Armour
 + Level 4.8 Shields


You had 6 spell levels left.
You didn't know any spells.
Your spell library was empty.

Dungeon Overview and Level Annotations

Branches:
Dungeon (5/15)
 Temple: D:4-7

Altars:
Trog

Annotations:
D:5 monokles's ghost, amateur FeTm


Innate Abilities, Weirdness & Mutations

You cannot wear boots.
Your serpentine skin is tough. (AC +2)
You have supernaturally acute eyesight. (SInv)
Armour fits poorly on your strangely shaped body.
Your system is resistant to poisons. (rPois)
You cover ground very slowly.
You have a slow metabolism.
You can spit poison.


Message History

Monokles's ghost hits you but does no damage.
You miss monokles's ghost.
Monokles's ghost is lightly damaged.
You block monokles's ghost's attack.
Monokles's ghost hits you but does no damage.
You miss monokles's ghost. You block monokles's ghost's attack.
You miss monokles's ghost. You block monokles's ghost's attack.
You closely miss monokles's ghost. You block monokles's ghost's attack.
Monokles's ghost barely misses you.
You miss monokles's ghost. Monokles's ghost barely misses you.
Your plate armour prevents you from hitting monokles's ghost.
Monokles's ghost hits you!
You closely miss monokles's ghost. Monokles's ghost hits you.
You block monokles's ghost's attack.
You miss monokles's ghost. You block monokles's ghost's attack.
You closely miss monokles's ghost. Monokles's ghost hits you.
You miss monokles's ghost. Monokles's ghost hits you!
You block monokles's ghost's attack.
You completely miss monokles's ghost. Monokles's ghost hits you!
You die...

#.................#
#..............##
##......####....###
#..###### #..>.... ###.##
##...... #####..##
#######.....#.
#.......####.............
.......#...##.#######..####
..#######@###.# ####
#?W.##.#########
#.~.###..##....# #.~.#
#######..##### #####.~.#
#...##.. #...#.[.#
##.....## ###(########
##.###.## ##...>...####.##
#..## ##.....#.....## ##...


You could see monokles's ghost.

Vanquished Creatures
  Menkaure (D:4)
  Edmund (D:5)
  A sky beast (D:5)
  A jelly (D:5)
  A hound (D:4)
  2 iguanas (D:4)
  Natasha (D:3)
  A worker ant (D:5)
  3 adders
  2 oozes
  4 worms
  2 leopard geckos (D:2)
  6 giant cockroaches
  5 goblins
  6 hobgoblins
  A quokka (D:4)
  6 bats
  7 frilled lizards
  2 kobolds
  8 rats
61 creatures vanquished.

Notes
Turn   | Place    | Note
-------+----------+-------------------------------------------
     0 | D:1      | Duffy the Naga Fighter began the quest for the Orb.
     0 | D:1      | Reached XP level 1. HP: 21/21 MP: 1/1
   470 | D:1      | Reached XP level 2. HP: 22/28 MP: 2/2
  1238 | D:2      | Reached XP level 3. HP: 34/34 MP: 3/3
  1750 | D:2      | Reached skill level 3 in Axes
  2047 | D:2      | Reached XP level 4. HP: 41/42 MP: 4/4
  2489 | D:3      | Noticed Natasha
  2493 | D:3      | Killed Natasha
  2577 | D:4      | Noticed a moth of wrath
  2587 | D:4      | Reached XP level 5. HP: 42/49 MP: 5/5
  2731 | D:4      | Found a bloodstained altar of Trog.
  3287 | D:4      | Noticed Menkaure
  3293 | D:4      | Killed Menkaure
  3293 | D:4      | Reached skill level 4 in Axes
  3293 | D:4      | Reached XP level 6. HP: 52/56 MP: 6/6
  3620 | D:5      | Entered Level 5 of the Dungeon
  3682 | D:5      | Noticed a sky beast
  3696 | D:5      | Killed a sky beast
  3912 | D:5      | Noticed Edmund
  3935 | D:5      | Killed Edmund
  3935 | D:5      | Reached skill level 5 in Axes
  3935 | D:5      | Reached XP level 7. HP: 53/62 MP: 7/7
  4125 | D:5      | Found a runed translucent door.
  4126 | D:5      | Noticed monokles's ghost (amateur FeTm)
  4155 | D:5      | Slain by monokles's ghost

Levels and vault maps discovered:
D:1:      ncdulo_wetmaze, layout_basic
D:2:      layout_basic
D:3:      layout_loops_ring, serial_bayou, serial_bayou_lagoon_a,
          serial_bayou_pond_c, serial_bayou_ford_a, serial_bayou_crossing,
          uniq_natasha
D:4:      layout_loops_ring, tgw_trog, uniq_menkaure
D:5:      layout_layer_cave, minmay_temple_entry_grid,
          ebering_ghost_reflecting_pool, serial_shops, kennysheep_mini,
          serial_glass, glass_columns_a, glass_columns_c, glass_columns_c,
          first_ration, uniq_duvessa, uniq_edmund

Skill      XL: |  1  2  3  4  5  6 |
---------------+-------------------+-----
Shields        | 3 4 |  4.8
Axes           | 3 4 5 |  5.3
Armour         | 3 |  3.4
Fighting       | |  3.0

Action                   |  1- 3 |  4- 6 |  7- 9 || total
-------------------------+-------+-------+-------++-------
Melee: War axe           |   150 |   114 |    29 ||   293
 Abil: Spit Poison       |     2 |    17 |     2 ||    21
  Use: Scroll            |     3 |     1 |       ||     4
       Potion            |       |     3 |       ||     3
  Eat: Chunk             |     3 |     5 |     1 ||     9
       Ration            |       |     1 |       ||     1
Armor: Scale mail        |    69 |     1 |       ||    70
       Plate armour      |       |    79 |     4 ||    83
Dodge: Dodged            |    42 |     3 |     4 ||    49
Block: Kite shield       |   118 |    64 |    18 ||   200

Table legend:
 A = Non-vault XP
 B = Vault XP
 C = Vault XP percentage of total XP
 D = Non-vault monster count
 E = Vault monster count
 F = Vault count percentage of total count
                 A         B        C        D         E       F
            +---------+---------+-------+---------+---------+-------
      Total |     464 |     381 |  45.1 |      53 |       8 |  13.1
            +---------+---------+-------+---------+---------+-------
        D:1 |      25 |       0 |   0.0 |      14 |       0 |   0.0
        D:2 |      65 |       0 |   0.0 |      19 |       0 |   0.0
        D:3 |      34 |      35 |  50.7 |       9 |       1 |  10.0
        D:4 |     129 |     177 |  57.8 |       8 |       6 |  42.9
        D:5 |     211 |     169 |  44.5 |       3 |       1 |  25.0
            +---------+---------+-------+---------+---------+-------
